Map: Cerulean Fall LE

Players

Lambo - Winner!

  • Race: Zerg Zerg
  • League: Master
  • Spawn Location: 7:00

GunGFuBanDa

  • Race: Protoss Protoss
  • League: Grandmaster
  • Spawn Location: 1:00

VOD

Have the link to the VOD?

Description

Time

  • Played on: Jan. 12, 2019, 9:54 a.m.
  • Length: 8:21
Show
View Real Time Build Order
Export as new Build Order

Lambo Zerg - Winner!

Build Orders: Hatch First 

Get SALT Encoding   

  12  0:00  Drone  
  13  0:13  Overlord  
  13  0:17  Drone  
  14  0:31  Drone x2  
  16  0:49  Hatchery  
  15  0:51  Drone  
  15  0:55  Drone  
  17  0:59  Drone  
  18  1:09  Extractor  
  17  1:13  Spawning Pool  
  17  1:17  Drone  
  17  1:20  Drone  
  18  1:28  Drone  
  19  1:39  Drone  
  20  1:49  Drone  
  21  2:00  Queen x2  
  25  2:01  Zergling x2  
  25  2:02  Overlord  
  26  2:09  Metabolic Boost  
  26  2:12  Drone x2  
  28  2:22  Drone x2  
  30  2:35  Hatchery  
  30  2:36  Drone  
  30  2:40  Drone  
  31  2:44  Drone  
  31  2:45  Overlord  
  32  2:54  Queen  
  32  2:56  Drone  
  32  2:57  Drone  
  36  3:06  Drone x2  
  36  3:12  Drone x2  
  40  3:14  Overlord  
  40  3:15  Drone x3  
  43  3:20  Overlord  
  43  3:25  Zergling x2  
  44  3:34  Drone x2  
  44  3:37  Queen  
  44  3:39  Roach Warren  
  47  3:41  Lair  
  47  3:43  Extractor  
  47  3:47  Drone  
  47  3:48  Drone  
  48  3:49  Drone x2  
  48  3:52  Overlord  
  48  3:54  Drone  
  51  4:00  Drone  
  51  4:03  Drone  
  51  4:04  Zergling x2  
  51  4:07  Zergling x6  
  56  4:17  Overlord  
  56  4:18  Extractor, Zergling x4  
  56  4:21  Overlord  
  56  4:22  Roach x3  
  63  4:28  Roach  
  65  4:31  Overlord  
  65  4:35  Overlord  
  65  4:37  Roach x3  
  71  4:43  Roach x2  
  71  4:44  Overlord  
  75  4:45  Overseer  
  75  4:47  Drone  
  75  4:48  Drone  
  75  4:49  Drone  
  75  4:50  Drone  
  78  4:59  Glial Reconstitution  
  78  5:00  Drone  
  78  5:01  Drone x3  
  78  5:06  Roach  
  84  5:11  Overlord  
  84  5:13  Roach x3  
  89  5:15  Drone x2  
  89  5:20  Drone x4  
  95  5:22  Overlord  
  95  5:30  Spore Crawler x2  
  95  5:32  Queen  
  95  5:34  Queen  
  97  5:38  Queen  
  99  5:43  Drone x3  
  99  5:46  Extractor  
  99  5:48  Spore Crawler  
  100  5:54  Spore Crawler  
  100  5:56  Overlord  
  99  6:02  Roach x4  
  107  6:08  Roach x3  
  112  6:12  Overlord x2  
  112  6:14  Queen, Extractor  
  112  6:15  Overlord  
  113  6:25  Overlord  
  112  6:29  Overlord  
  112  6:30  Overlord  
  112  6:32  Roach x5  
  122  6:35  Roach  
  122  6:36  Ravager  
  122  6:37  Ravager x3  
  128  6:41  Roach x2  
  128  6:43  Overlord  
  128  6:45  Overseer  
  132  6:51  Roach x3  
  138  6:56  Roach x2  
  138  6:57  Queen  
  144  7:01  Ravager  
  144  7:02  Zergling x6  
  144  7:06  Ravager, Zergling x2  
  144  7:07  Zergling x2  
  151  7:09  Zergling x4  
  151  7:12  Zergling x6  
  156  7:17  Ravager  
  156  7:20  Zergling x2  
  156  7:21  Zergling x2  
  159  7:27  Zergling x2  
  159  7:29  Zergling x6  
  162  7:30  Overlord  
  162  7:32  Zergling x2  
  162  7:43  Zergling x6  
  150  7:55  Zergling x8  
  141  8:03  Zergling x4  
  131  8:09  Hydralisk Den  
Show
View Real Time Build Order
Export as new Build Order

GunGFuBanDa Protoss 

Build Orders: 1 Gate Expand 

Get SALT Encoding   

  12  0:00  Probe  
  13  0:12  Probe  
  14  0:19  Pylon  
  14  0:25  Probe  
  15  0:33  Probe  
  15  0:39  Gateway  
  15  0:41  Probe  
  17  0:50  Assimilator  
  17  0:51  Probe  
  18  1:03  Probe  
  19  1:21  Nexus  
  19  1:30  Probe  
  19  1:32  Cybernetics Core  
  19  1:39  Probe, Assimilator  
  21  1:49  Pylon  
  21  1:51  Probe  
  22  2:00  Adept  
  22  2:03  Probe  
  23  2:08  Warp Gate  
  23  2:15  Probe  
  26  2:22  Twilight Council  
  26  2:27  Probe  
  27  2:30  Adept  
  27  2:31  Probe  
  30  2:39  Probe  
  30  2:41  Probe  
  31  2:50  Probe  
  32  2:51  Probe  
  32  2:53  Stalker  
  34  3:02  Probe  
  34  3:03  Probe, Resonating Glaives  
  37  3:14  Probe  
  37  3:15  Probe  
  37  3:19  Gateway  
  39  3:20  Sentry  
  39  3:25  Probe  
  42  3:27  Pylon  
  42  3:29  Probe  
  42  3:33  Probe  
  42  3:34  Assimilator  
  43  3:36  Assimilator  
  43  3:41  Probe x2  
  46  3:51  Stargate  
  46  3:52  Probe  
  46  3:53  Probe  
  48  4:05  Probe x2  
  48  4:07  Stargate  
  50  4:13  Pylon  
  50  4:17  Probe, Pylon  
  51  4:18  Adept  
  51  4:21  Pylon  
  51  4:22  Probe  
  54  4:33  Adept  
  54  4:34  Phoenix  
  58  4:46  Phoenix  
  58  4:47  Protoss Air Weapons Level 1, Nexus  
  58  4:50  Pylon  
  59  4:52  Probe  
  61  5:05  Phoenix  
  61  5:08  Adept  
  61  5:09  Shield Battery  
  65  5:20  Phoenix  
  67  5:22  Phoenix  
  67  5:28  Probe  
  68  5:30  Probe  
  71  5:39  Phoenix  
  71  5:40  Probe  
  72  5:45  Phoenix  
  72  5:46  Probe  
  77  5:52  Probe  
  78  5:58  Probe, Pylon  
  78  6:02  Probe  
  81  6:04  Probe, Phoenix  
  81  6:10  Probe, Phoenix  
  86  6:14  Probe  
  86  6:16  Probe  
  86  6:17  Robotics Facility  
  88  6:22  Phoenix  
  88  6:29  Robotics Facility  
  88  6:30  Pylon  
  88  6:31  Probe  
  87  6:35  Phoenix  
  87  6:38  Probe x2  
  87  6:39  Sentry  
  93  6:40  Zealot  
  93  6:43  Probe, Shield Battery  
  93  6:44  Pylon  
  96  6:50  Phoenix  
  96  6:51  Phoenix  
  96  7:01  Stalker  
  96  7:04  Shield Battery  
  96  7:07  Phoenix  
  96  7:08  Immortal  
  102  7:09  Zealot  
  106  7:16  Phoenix  
  108  7:25  Pylon x2  
  108  7:31  Zealot, Phoenix  
  108  7:32  Zealot  
  108  7:33  Probe  
  93  7:52  Zealot, Stalker  
  59  8:14  Adept  
Tags
 
Add a new tag
Caveats
  • Supply blocks, unpowered buildings, or Contaminate may cause inaccurate times.
  • Supply counts are checked every 10 seconds.